AoeStats
← Boris the Beast

Oasis

510137030Analyzed
2v2 RM · 2d ago on Sep 29, 2026· 54m 2s· 4 players
Game mode
Random Map
Map size
Medium (4 player)
Population
200
Speed
Normal
Resources
Standard
Victory
Conquest
Starting age
Dark Age
Ending age
Imperial Age
RankedLock teamsTeams togetherTeam positionsShared explorationLock speedFull tech treeHidden civsTurbo modeCheats
Victory
Defeat
🇩🇪 Varangians · Germany
1029
+16
🇩🇪 Gurjaras · Germany
1012
+18
🇺🇸 Poles · United States
1035
-17
🇦🇷 Wei · Argentina
1034
-17
Steve the Thief
4:40 Loom
11:41 Feudal Age
14:20 Double-Bit Axe
14:25 Horse Collar
20:08 Castle Age
21:32 Bow Saw
22:02 Heavy Plow
27:52 Imperial Age
26:36 Wheelbarrow
25:46 Town Watch
26:46 Bloodlines
27:41 Stone Mining
27:45 Gold Mining
28:11 Scale Barding Armor
29:43 Chain Barding Armor
29:33 Forging
31:39 Husbandry
32:05 Hand Cart
32:31 Plate Barding Armor
32:31 Iron Casting
34:09 Two-Man Saw
34:28 Conscription
35:33 Blast Furnace
35:38 Caravan
36:31 Crop Rotation
36:20 Scale Mail Armor
37:02 Elite Jarl
40:24 Elite Skirmisher
40:30 Pikeman
41:12 Capped Ram
42:00 Siege Engineers
42:55 Chain Mail Armor
43:43 Chemistry
43:04 Ballistics
44:08 Light Cavalry
46:22 Plate Mail Armor
45:42 Fletching
46:44 Hussar
47:45 Masonry
47:46 Fortified Wall
48:27 Gambesons
48:43 Squires
48:29 Arson
49:37 Gothikon
49:57 Heavy Scorpion
53:02 Bodkin Arrow
53:08 Padded Archer Armor
54:57 Architecture
54:08 Treadmill Crane
Boris the Beast
2:56 Loom
12:16 Feudal Age
12:45 Double-Bit Axe
12:53 Gold Mining
12:47 Horse Collar
19:02 Castle Age
17:16 Stone Mining
20:28 Scale Barding Armor
20:34 Forging
20:27 Scale Mail Armor
21:48 Wheelbarrow
21:27 Bow Saw
22:17 Gold Shaft Mining
24:07 Heavy Plow
25:26 Town Watch
26:35 Stone Shaft Mining
26:29 Chain Barding Armor
26:01 Fletching
26:36 Hand Cart
28:28 Caravan
29:02 Town Patrol
34:45 Imperial Age
34:26 Kshatriyas
35:32 Husbandry
36:54 Crop Rotation
36:42 Bloodlines
35:56 Heavy Camel Rider
37:03 Conscription
38:26 Plate Barding Armor
38:20 Fortified Wall
38:33 Ballistics
40:16 Iron Casting
41:04 Frontier Guards
41:43 Devotion
42:55 Bodkin Arrow
43:15 Chain Mail Armor
43:38 Hoardings
43:33 Masonry
43:19 Murder Holes
44:25 Chemistry
45:22 Plate Mail Armor
46:15 Architecture
45:11 Siege Elephant
46:01 Bracer
Giorda5929
11:13 Feudal Age
11:23 Loom
12:28 Double-Bit Axe
16:59 Castle Age
19:20 Bow Saw
20:53 Town Watch
21:45 Wheelbarrow
21:58 Horse Collar
24:51 Stone Mining
25:14 Forging
26:36 Hand Cart
28:24 Bloodlines
29:43 Town Patrol
29:41 Gold Mining
32:58 Imperial Age
30:35 Husbandry
31:35 Szlachta Privileges
32:51 Scale Barding Armor
33:22 Iron Casting
33:07 Heavy Plow
33:46 Stone Shaft Mining
32:34 Light Cavalry
34:45 Chemistry
33:10 Cavalier
37:31 Crop Rotation
37:24 Bombard Tower
38:27 Caravan
39:09 Conscription
41:24 Siege Engineers
41:15 Murder Holes
41:32 Fortified Wall
42:34 Chain Barding Armor
43:15 Blast Furnace
43:53 Winged Hussar
47:46 Pikeman
48:26 Squires
51:57 Lechitic Legacy
TheByst12
10:24 Feudal Age
11:14 Double-Bit Axe
11:45 Loom
14:50 Horse Collar
19:12 Castle Age
17:54 Fletching
21:44 Bow Saw
21:50 Gold Mining
21:50 Stone Mining
22:27 Stone Mining
24:32 Heavy Plow
25:12 Stone Shaft Mining
26:32 Gold Shaft Mining
28:55 Wheelbarrow
30:48 Ballistics
33:08 Imperial Age
31:17 Thumb Ring
32:24 Hand Cart
31:55 Town Watch
32:53 Tuntian
34:49 Chemistry
35:10 Crop Rotation
35:17 Scale Barding Armor
35:07 Bodkin Arrow
35:23 Forging
35:24 Treadmill Crane
36:01 Masonry
37:31 Conscription
37:42 Ming Guang Armor
38:42 Conscription
38:59 Chain Barding Armor
39:46 Iron Casting
40:04 Parthian Tactics
40:44 Padded Archer Armor
40:46 Bracer
41:17 Elite Tiger Cavalry
43:01 Hoardings
42:48 Caravan
46:15 Coinage
46:24 Town Patrol
45:54 Heavy Scorpion
48:45 Leather Archer Armor
49:30 Blast Furnace
51:50 Elite Skirmisher
Connection lost

Rejoining the realm…

Still unreachable

The connection could not be restored.

Session expired

The server has moved on; the page needs a fresh start.